AoeStats
← Malcolm Little

Nomad

508557790Analyzed
4v4 RM · 8d ago on Sep 23, 2026· 22m 3s· 8 players
Game mode
Random Map
Map size
231×231
Population
200
Speed
Normal
Resources
Standard
Victory
Conquest
Starting age
Dark Age
Ending age
Imperial Age
RankedLock teamsTeams togetherTeam positionsShared explorationLock speedFull tech treeHidden civsTurbo modeCheats
Victory
Defeat
🇲🇽 Spanish · Mexico
1703
+8
🇲🇽 Persians · Mexico
1653
+9
🇲🇽 Varangians · Mexico
1644
+10
🇲🇽 Franks · Mexico
1407
+18
🇧🇷 Dravidians · Brazil
1616
-16
🇺🇸 Vietnamese · United States
1473
-10
🇩🇴 Persians · Dominican Republic
1453
-10
🇺🇸 Italians · United States
1421
-9
Zilchland
7:23 Loom
13:38 Feudal Age
17:36 Castle Age
15:52 Fletching
17:35 Double-Bit Axe
18:47 Bodkin Arrow
Amauta
5:04 Loom
13:16 Feudal Age
14:50 Horse Collar
18:18 Gold Mining
18:41 Double-Bit Axe
22:08 Castle Age
Fs. Morre na Imp
5:56 Loom
14:05 Feudal Age
15:45 Fletching
19:52 Castle Age
20:08 Padded Archer Armor
20:34 Bodkin Arrow
Malcolm Little
12:05 Feudal Age
16:34 Castle Age
15:56 Double-Bit Axe
21:08 Bow Saw
21:06 Scale Barding Armor
Vx | Boomin
9:17 Loom
13:41 Feudal Age
17:24 Castle Age
15:56 Double-Bit Axe
19:50 Padded Archer Armor
VX | Obligame Perro!
6:09 Loom
11:57 Feudal Age
13:03 Double-Bit Axe
19:09 Fletching
24:33 Castle Age
VX | Evander
4:38 Loom
12:16 Feudal Age
16:54 Castle Age
14:59 Double-Bit Axe
16:05 Scale Barding Armor
19:11 Bloodlines
VX | JARV
5:06 Loom
13:53 Feudal Age
15:01 Double-Bit Axe
18:48 Castle Age
17:44 Gold Mining
18:21 Fletching
19:44 Bodkin Arrow
20:27 Bow Saw
Connection lost

Rejoining the realm…

Still unreachable

The connection could not be restored.

Session expired

The server has moved on; the page needs a fresh start.